 Dungeon Crawl Stone Soup version 0.19.4-10-g532645f (webtiles) character file.

730 JeffiDaFish the Shield-Bearer (level 7, -6/44 HPs)
             Began as a Gargoyle Fighter on Feb 26, 2017.
             Mangled by an ogre
             ... wielding a cursed -3 giant spiked club
              (15 damage)
             ... on level 5 of the Dungeon.
             The game lasted 00:07:30 (3616 turns).

JeffiDaFish the Shield-Bearer (Gargoyle Fighter)    Turns: 3616, Time: 00:07:30

Health: -6/44      AC: 15    Str: 20    XL:     7   Next: 73%
Magic:  6/6        EV:  9    Int:  8    God:
Gold:   226        SH: 10    Dex: 11    Spells: 0 memorised, 6 levels left

rFire  . . .     SeeInvis .     o - +2 flail (crush)
rCold  . . .     Gourm    .     b - +0 scale mail
rNeg   + . .     Faith    .     c - +0 shield
rPois  ∞         Spirit   .     (no helmet)
rElec  +         Reflect  .     i - +0 cloak
rCorr  .         Harm     .     (no gloves)
MR     .....     Clarity  +     (no boots)
Stlth  ..........               (no amulet)
                                (no ring)
                                (no ring)

@: no status effects
A: yellow scales 1, clarity, low mp 1, negative energy resistance 1, electricity
resistance, unbreathing, petrification resistance, rot immunity, AC +4
a: no special abilities


You were on level 5 of the Dungeon.
You were not hungry.

You visited 1 branch of the dungeon, and saw 5 of its levels.

You collected 226 gold pieces.

Inventory:

Hand Weapons
 k - a +0 morningstar
 o - a +2 flail of crushing (weapon)
Armour
 b - a +0 scale mail (worn)
 c - a +0 shield (worn)
 i - a +0 cloak (worn)
Scrolls
 e - 4 scrolls of teleportation
 l - a scroll of identify
Potions
 a - a potion of haste
 h - 2 potions of brilliance
 j - a potion of invisibility
Comestibles
 f - 3 bread rations
 g - a beef jerky
 m - 3 fruits


   Skills:
 + Level 4.5 Fighting
 + Level 4.9 Maces & Flails
 + Level 4.2 Armour
 + Level 2.2 Dodging
 + Level 0.2 Stealth
 + Level 6.2 Shields


You had 6 spell levels left.
You didn't know any spells.

Dungeon Overview and Level Annotations

Branches:
Dungeon (5/15)
 Temple: D:4-7

Altars:
Ashenzari
Elyvilon
Fedhas
Kikubaaqudgha
Ru
Uskayaw
Vehumet


Innate Abilities, Weirdness & Mutations

You are resistant to torment.
Your stone body is resilient. (AC +4)
You are immune to poison.
You resist negative energy. (rN+)
You are resistant to electric shocks. (rElec)
You can survive without breathing.
You are immune to petrification.
You are immune to rotting.
You are partially covered in yellow scales. (AC +2)
You possess an exceptional clarity of mind.
Your magical capacity is low. (-10% MP)


Message History

The slave is almost dead.
You block the slave's attack.
You sock the slave!
You kill the slave!
That felt strangely unrewarding.
You barely miss the ogre. You block the ogre's attack.
You sock the ogre!
The ogre is moderately wounded.
The ogre hits you with a giant spiked club!
You thump the ogre!
The ogre is almost dead.
The ogre closely misses you.
Your shield and scale mail prevent you from hitting the ogre.
The ogre is almost dead.
The ogre hits you with a giant spiked club!!
* * * LOW HITPOINT WARNING * * *
You barely miss the ogre.
The ogre is almost dead.
The ogre hits you with a giant spiked club!
You die...

### ... # #. ... .>.
.# p #.### #.# #O#
#.#.. #.#.#####
.....%...p.. #.#<....#
.####.#.#...#$.
#.#.###.#
.............# #.#.#
#.# #.# #.#####.#
#.############........
#...O@.........#######
#.############.# #.#
#.# #.# #.# ..# #.#
...# #.# #...# #.#
#...# #.# #...#


You could see an ogre.

Vanquished Creatures
  The ghost of blobert the Chopper, an amateur MiFi (D:4)
  A slave (D:5)
  An ogre (D:4)
  A scorpion (D:5)
  A hound (D:4)
  4 orc wizards (D:4)
  An orc priest (D:4)
  2 worker ants (D:4)
  3 gnolls (D:2)
  5 adders
  A worm (D:2)
  5 leopard geckos
  15 orcs (D:4)
  2 giant cockroaches
  6 goblins
  8 hobgoblins
  5 jackals
  A quokka (D:4)
  4 bats
  3 frilled lizards
  10 kobolds
  10 rats
90 creatures vanquished.

Vanquished Creatures (others)
  A kobold (D:3)
1 creature vanquished.

Grand Total: 91 creatures vanquished

Notes
Turn   | Place    | Note
-------+----------+-------------------------------------------
     0 | D:1      | JeffiDaFish the Gargoyle Fighter began the quest for the Orb.
     0 | D:1      | Reached XP level 1. HP: 14/14 MP: 1/1
   171 | D:1      | Reached XP level 2. HP: 19/19 MP: 2/2
   712 | D:1      | Reached XP level 3. HP: 24/24 MP: 3/3
  1001 | D:2      | Gained mutation: You possess an exceptional clarity of mind. [potion of mutation]
  1001 | D:2      | Gained mutation: You are partially covered in yellow scales. (AC +2) [potion of mutation]
  1001 | D:2      | Gained mutation: Your magical capacity is low. (-10% MP) [potion of mutation]
  1149 | D:2      | Found a blossoming altar of Fedhas.
  1198 | D:2      | Reached skill level 4 in Shields
  1198 | D:2      | Reached XP level 4. HP: 17/29 MP: 3/3
  1210 | D:2      | Reached skill level 1 in Dodging
  1376 | D:2      | Found a hide-covered altar of Uskayaw.
  1799 | D:3      | Reached XP level 5. HP: 32/33 MP: 4/4
  1851 | D:3      | Found a shattered altar of Ashenzari.
  1883 | D:3      | Found a white marble altar of Elyvilon.
  2071 | D:4      | Noticed blobert's ghost (amateur MiFi)
  2087 | D:4      | Killed blobert's ghost
  2087 | D:4      | Reached skill level 5 in Shields
  2087 | D:4      | Reached XP level 6. HP: 19/38 MP: 5/5
  2483 | D:4      | Found a sacrificial altar of Ru.
  2543 | D:4      | Reached XP level 7. HP: 44/44 MP: 6/6
  2601 | D:4      | Found an ancient bone altar of Kikubaaqudgha.
  2672 | D:4      | Found a radiant altar of Vehumet.
  3273 | D:4      | Reached skill level 6 in Shields
  3543 | D:5      | Entered Level 5 of the Dungeon
  3616 | D:5      | Mangled by an ogre

Skill      XL: |  1  2  3  4  5  6  7 |
---------------+----------------------+-----
Shields        | 4 5 6 |  6.2
Dodging        | 1 2 |  2.2
Fighting       | 4 |  4.5
Maces & Flails | 3 4 |  4.9
Armour         | 4 |  4.2
Stealth        | |  0.2

Action                   |  1- 3 |  4- 6 |  7- 9 || total
-------------------------+-------+-------+-------++-------
Melee: Flail             |   171 |   116 |    76 ||   363
       Morningstar       |       |    21 |    56 ||    77
  Use: Potion            |     5 |     2 |     1 ||     8
       Scroll            |     2 |     4 |     3 ||     9
  Eat: Chunk             |     2 |     4 |     4 ||    10
Armor: Scale mail        |   135 |    76 |    67 ||   278
Dodge: Dodged            |    62 |    44 |    37 ||   143
Block: Shield            |   122 |    74 |    75 ||   271
